 Dungeon Crawl Stone Soup version 0.28.0-53-g5a82cb258f (webtiles) character file.

Game seed: 13688552279268497402

3381 Holzbalken the Cleaver (level 10, -3/70 (73) HPs)
             Began as a Formicid Fighter on May 22, 2022.
             Was a Believer of Qazlal.
             Slain by Harold
             ... wielding a +0 flail
              (22 damage)
             ... on level 8 of the Dungeon.
             The game lasted 00:19:22 (5665 turns).

Holzbalken the Cleaver (Formicid Fighter)           Turns: 5665, Time: 00:19:23

HP:   -3/70 (73)    AC: 13    Str: 25    XL:     10   Next: 23%
MP:   10/10         EV:  6    Int:  8    God:    Qazlal [**....]
Gold: 409           SH:  8    Dex: 16    Spells: 9/9 levels left

rFire   . . .      SeeInvis +   a - +0 war axe
rCold   . . .      Faith    .   c - +0 buckler
rNeg    . . .      Spirit   .   i - +0 plate armour
rPois   .          Reflect  .   (helmet unavailable)
rElec   .          Harm     .   g - +0 cloak
rCorr   .          Rampage  .   (no gloves)
Will    +....                   (no boots)
Stlth   ..........              j - amulet of regeneration
HPRegen 1.01/turn               n - +6 ring of dexterity
MPRegen 0.12/turn               (no ring)

@: lightly drained
A: permanent stasis, dig shafts and tunnels, antennae 3, four strong arms
a: Dig, Shaft Self, Renounce Religion, Upheaval


You were on level 8 of the Dungeon.
You worshipped Qazlal.
Qazlal was pleased with you.
You visited 2 branches of the dungeon, and saw 9 of its levels.

You collected 409 gold pieces.

Inventory:

Hand Weapons
 a - a +0 war axe (weapon)
 I - a +6 halberd
Missiles
 o - a throwing net
Armour
 c - a +0 buckler (worn)
 g - a +0 cloak (worn)
 i - a +0 plate armour (worn)
Jewellery
 j - an amulet of regeneration (around neck)
 n - a +6 ring of dexterity (left hand)
Wands
 r - a wand of charming (9)
 H - a wand of iceblast (13)
Scrolls
 f - a scroll of magic mapping {unknown}
 h - 2 scrolls of fear {unknown}
 k - 4 scrolls of amnesia {unknown}
 l - 2 scrolls of teleportation {unknown}
 m - a scroll of noise {unknown}
 q - a scroll of enchant weapon {unknown}
 w - 3 scrolls of immolation {unknown}
 z - 5 scrolls of identify {unknown}
 A - a scroll of acquirement {unknown}
 C - 2 scrolls of fog {unknown}
 D - 2 scrolls of enchant armour {unknown}
 G - a scroll of blinking {unknown}
Potions
 b - 2 potions of flight {unknown}
 d - a potion of might
 e - 6 potions of curing {unknown}
 s - 3 potions of lignification {unknown}
 t - a potion of degeneration {unknown}
 u - 4 potions of haste {unknown}
 v - a potion of attraction {unknown}
 x - 2 potions of mutation {unknown}
 B - a potion of heal wounds
 E - a potion of brilliance {unknown}
 F - a potion of magic {unknown}


   Skills:
 + Level 4.4 Fighting
 * Level 13.1 Axes
 + Level 4.4 Armour
 + Level 4.8 Shields


You had 9 spell levels left.
You didn't know any spells.
Your spell library contained the following spells:

 Spells                   Type           Power      Damage    Failure   Level
 Dazzling Flash           Conj/Hex       0%         N/A       100%        3
 Iskenderun's Mystic Bla  Conj/Tloc      0%         2d3       100%        4
 Starburst                Conj/Fire      0%         6d3       100%        6


Dungeon Overview and Level Annotations

Branches:
Dungeon (8/15)             Temple (1/1) D:4
   Lair: D:8-11

Altars:
Ashenzari
Cheibriados
Dithmenos
Elyvilon
Gozag
Kikubaaqudgha
Makhleb
Nemelex Xobeh
Okawaru
Qazlal
Ru
Sif Muna
Trog
Uskayaw
Vehumet
Wu Jian
Xom
Yredelemnul
Zin
The Shining One

Annotations:
D:7 3 runed translucent doors, blade888's ghost, novice DDEE; hitsuchi's ghost, novice DgCj
D:8 Harold


Innate Abilities, Weirdness & Mutations

You cannot be hasted, slowed, berserked, paralysed or teleported.
You can dig through walls and to a lower floor.
You have a pair of large antennae on your head. (SInv)
Your four strong arms can wield two-handed weapons with a shield.


Message History

Things that are here:
a +0 great sword; a +0 robe
Things that are here:
a +0 dire flail; a +0 robe
Things that are here:
a +0 mace; a +0 scale mail You start resting.
HP restored.
Things that are here:
a +0 great sword; a +0 robe
Things that are here:
a +2 demon blade of freezing; a +3 halberd; a +0 robe You sense a monster nearby.
You hear a shout!
Harold the Weathered comes into view.
He is wielding a +0 flail and wearing a +1 chain mail of poison resistance.
Harold drinks a potion.
Harold seems to grow stronger.
Harold throws a throwing net.
The throwing net hits you.
You become entangled in the net!
You see here a throwing net.
You tear a large gash into the net.
You struggle against the net.
Harold fires a harpoon shot at you. The harpoon shot hits you.
You are yanked forward by the harpoon shot.
You slash Harold!
Harold is lightly wounded.
Harold hits you with a +0 flail!!
You slash Harold!
Harold is moderately wounded.
Harold hits you with a +0 flail!
You barely miss Harold.
Harold is moderately wounded.
Harold hits you with a +0 flail!!
* * * LOW HITPOINT WARNING * * *
You hit Harold but do no damage.
Harold is moderately wounded.
You barely miss Harold.
Harold is moderately wounded.
Harold hits you with a +0 flail!!
You die...

## #. ... #. ... #. #.#
######. #.# #
.......####.# #
......@..##.# #
.......@(...############
......○.°...............
#######....#############
###### ### ... ###


You could see Harold (strong).

Vanquished Creatures
  Joseph (D:8)
  Psyche (D:8)
  3 water moccasins (D:6)
  2 ice beasts (D:7)
  An orc warrior (D:5)
  A sky beast (D:6)
  A black bear (D:6)
  A necrophage (D:6)
  A phantom (D:5)
  A kobold brigand (D:6)
  A bullfrog (D:7)
  2 scorpions
  5 killer bees (D:7)
  11 wights
  A howler monkey (D:5)
  A bullfrog zombie (D:6)
  2 centaur skeletons
  2 orc priests
  4 hounds
  A bullfrog skeleton (D:7)
  A gnoll shaman (D:3)
  A scorpion zombie (D:5)
  An iguana (D:5)
  9 orc wizards
  Terence (D:2)
  A hound skeleton (D:4)
  8 gnolls
  7 adders
  A white imp (D:6)
  An ufetubus (D:6)
  An adder skeleton (D:4)
  2 worms (D:2)
  2 dart slugs
  20 orcs
  4 endoplasms
  3 giant cockroaches
  13 goblins
  5 hobgoblins
  7 jackals
  15 kobolds
  6 quokkas
  6 ball pythons
  8 bats
  2 frilled lizards
  9 rats
177 creatures vanquished.

Vanquished Creatures (others)
  2 withered plants (D:6)
2 creatures vanquished.

Grand Total: 179 creatures vanquished

Notes
Turn   | Place    | Note
-------+----------+-------------------------------------------
     0 | D:1      | Holzbalken the Formicid Fighter began the quest for the
                  | Orb.
     0 | D:1      | Reached XP level 1. HP: 18/18 MP: 1/1
    54 | D:1      | Found a faded altar of an unknown god.
   309 | D:1      | Reached XP level 2. HP: 22/24 MP: 2/2
   523 | D:1      | Reached skill level 3 in Axes
   965 | D:2      | Reached XP level 3. HP: 28/29 MP: 3/3
  1167 | D:2      | Reached skill level 4 in Axes
  1167 | D:2      | Reached XP level 4. HP: 30/35 MP: 4/4
  1304 | D:2      | Noticed Terence
  1321 | D:2      | Killed Terence
  1482 | D:3      | Reached XP level 5. HP: 41/41 MP: 5/5
  1487 | D:3      | Reached skill level 5 in Axes
  1634 | D:3      | Reached XP level 6. HP: 47/47 MP: 6/6
  1723 | D:3      | Reached skill level 6 in Axes
  2227 | D:4      | Found a shadowy altar of Dithmenos.
  2409 | D:4      | Reached XP level 7. HP: 48/52 MP: 7/7
  2424 | D:4      | Reached skill level 7 in Axes
  2516 | D:4      | Found a sacrificial altar of Ru.
  2578 | D:4      | Found a staircase to the Ecumenical Temple.
  2590 | Temple   | Entered the Ecumenical Temple
  2654 | Temple   | Became a worshipper of Qazlal Stormbringer
  3187 | D:5      | Entered Level 5 of the Dungeon
  3281 | D:5      | Reached skill level 8 in Axes
  3429 | D:5      | Reached XP level 8. HP: 54/58 MP: 8/8
  3859 | D:5      | Found a glowing silver altar of Zin.
  4169 | D:6      | Reached skill level 9 in Axes
  4233 | D:6      | Reached * piety under Qazlal
  4247 | D:6      | Found a basalt altar of Yredelemnul.
  4262 | D:6      | Reached skill level 10 in Axes
  4487 | D:6      | Reached XP level 9. HP: 62/64 MP: 9/9
  4539 | D:6      | Reached skill level 11 in Axes
  4971 | D:7      | Reached skill level 12 in Axes
  5044 | D:7      | Reached ** piety under Qazlal
  5157 | D:7      | Found a shimmering blue altar of Sif Muna.
  5339 | D:7      | Found a runed translucent gate.
  5339 | D:7      | Found a runed translucent gate.
  5339 | D:7      | Found a runed translucent gate.
  5340 | D:7      | Noticed hitsuchi's ghost (novice DgCj)
  5340 | D:7      | Noticed hitsuchi's ghost (novice DgCj)
  5340 | D:7      | Noticed blade888's ghost (novice DDEE)
  5378 | D:8      | Noticed Joseph
  5400 | D:8      | Killed Joseph
  5401 | D:8      | Reached XP level 10. HP: 43/71 MP: 10/10
  5446 | D:8      | Noticed Psyche
  5465 | D:8      | Killed Psyche
  5531 | D:8      | Reached skill level 13 in Axes
  5552 | D:8      | Found a white marble altar of Elyvilon.
  5656 | D:8      | Noticed Harold
  5665 | D:8      | Slain by Harold

Illustrated notes

Levels and vault maps discovered:
D:1:      eino_arrival_cavern_a, layout_basic,
          ebering_ecumenical_altar_abandoned, minivault_23,
          hangedman_decor_points
D:2:      layout_rooms, chequers_serial_rivers_marsh, grunt_ministairs_9,
          kennysheep_cluttered_room, uniq_terence
D:3:      layout_loops_ring, minmay_quadrilaterals
D:4:      layout_gridville, mainiacjoe_overflow_cross_hatched,
          nicolae_dithmenos_through_a_glass_darkly,
          minmay_temple_entry_statues_pillars, minmay_tree_intersection,
          hangedman_decor_clover_reticule
D:5:      layout_layer_cave, lemuel_tele_altar
D:6:      layout_gridville, yredelemnul_altar_generic
D:7:      layout_rooms, nicolae_sif_muna_condensation, gammafunk_ghost_cemetery,
          nicolae_underground_beach
D:8:      layout_basic, elyvilon_altar_5, hangedman_glass_teeth,
          nicolae_concentric_dashed_squares_mild, uniq_harold, uniq_joseph,
          uniq_psyche
Temple:   eino_temple_water

Skill      XL: |  1  2  3  4  5  6  7  8  9 10 |
---------------+-------------------------------+-----
Axes           | 3 4 5 6 8 10 12 13 | 13.1
Shields        | 4 |  4.8
Fighting       | 4 |  4.4
Armour         | 4 |  4.4

Action                   |  1- 3 |  4- 6 |  7- 9 | 10-12 || total
-------------------------+-------+-------+-------+-------++-------
Melee: War axe           |    86 |   156 |   278 |    45 ||   565
  Use: Potion            |       |       |       |     3 ||     3
Armor: Scale mail        |    32 |       |       |       ||    32
       Plate armour      |    18 |   100 |   168 |    13 ||   299
Dodge: Dodged            |    42 |    53 |    78 |     7 ||   180
Block: Buckler           |    23 |    44 |    94 |     9 ||   170
